 Dungeon Crawl Stone Soup version 0.21-a0-584-g185da8e (webtiles) character file.

39 sithsevirus the Insei (level 3, -2/23 HPs)
             Began as an Octopode Transmuter on Dec 21, 2017.
             Slain by Natasha (9 damage)
             ... on level 2 of the Dungeon.
             The game lasted 00:05:32 (1579 turns).

sithsevirus the Insei (Octopode Transmuter)         Turns: 1579, Time: 00:05:36

Health: -2/23      AC:  1    Str:  9    XL:     3   Next: 45%
Magic:  5/6        EV: 14    Int: 21    God:
Gold:   77         SH:  0    Dex: 12    Spells: 3/6 levels left

rFire    . . .     SeeInvis .     - Unarmed
rCold    . . .     Gourm    .   (no shield)
rNeg     . . .     Faith    .   (helmet restricted)
rPois    .         Spirit   .   (no amulet)
rElec    .         Reflect  .   (no ring)
rCorr    .         Harm     .   (no ring)
MR       .....                  (no ring)
Stlth    +++.......             (no ring)
HPRegen  0.07/turn              (no ring)
MPRegen  0.10/turn              (no ring)
                                (no ring)
                                (no ring)

@: brilliant, appendage (expiring)
A: almost no armour, stealthy swim, amphibious, 8 rings, constrict 8, tentacle
spike 3, camouflage 1, gelatinous body 1
a: End Transformation


You were on level 2 of the Dungeon.
You were not hungry.
One of your tentacles had a temporary spike.
You visited 1 branch of the dungeon, and saw 2 of its levels.

You collected 77 gold pieces.

Inventory:

Missiles
 a - 26 arrows
 j - 9 stones (quivered)
Scrolls
 k - a scroll of identify {unknown}
Potions
 d - a potion of brilliance
 e - a potion of degeneration {unknown}
 f - a potion of haste {unknown}
 h - a potion of flight {unknown}
 i - a potion of cancellation {unknown}
Books
 b - a book of Changes

   Spells                             Type                      Level
   a - Beastly Appendage              Transmutation                1
   b - Sticks to Snakes               Transmutation                2
   c - Spider Form                    Transmutation/Poison         3
   d - Ice Form                       Ice/Transmutation            4
   e - Blade Hands                    Transmutation                5
Comestibles
 c - a ration
 g - 2 chunks of flesh


   Skills:
 + Level 1.6 Fighting
 * Level 2.6 Dodging
 + Level 1.5 Stealth
 + Level 3.2 Unarmed Combat
 - Level 2.0 Spellcasting
 + Level 2.3 Transmutations


You had 3 spell levels left.
You knew the following spells:

 Your Spells              Type           Power        Failure   Level  Hunger
a - Sticks to Snakes      Tmut           ###.....     1%          2    ##.....
b - Beastly Appendage     Tmut           ###...       1%          1    #......


Dungeon Overview and Level Annotations

Branches:
Dungeon (2/15)

Altars:

Annotations:
D:2 Natasha


Innate Abilities, Weirdness & Mutations

You cannot wear most types of armour.
You are very stealthy in the water. (Stealth+)
You are amphibious.
You can wear up to eight rings at the same time.
You can use your tentacles to constrict eight enemies at once.
Your skin changes colour to match your surroundings (Stealth+).
Your rubbery body absorbs attacks. (AC +1, EV +1)
One of your tentacles bears a large vicious spike.


Message History

Natasha casts a spell at you. The magic dart hits you!
* * * LOW HITPOINT WARNING * * *
You tentacle-slap Natasha but do no damage.
Natasha is lightly wounded.
You constrict Natasha. Natasha closely misses you.
You barely miss Natasha.
Natasha is lightly wounded.
You constrict Natasha, but do no damage.
Natasha barely misses you.
You barely miss Natasha.
Natasha is lightly wounded.
You constrict Natasha. Natasha barely misses you.
It was a potion of brilliance.
You feel clever all of a sudden.
You constrict Natasha.
Natasha wildly gestures.
You feel disoriented. Natasha claws you!
You die...

..##.#..# ##############
..##.#..# #............#
..##.#..# #............#
........# #............#
...#.##.# #............#
...#.##.###............#
...#.##....รท...........#
#..#...................#
#..#.###....####@#######
#..#.###....# #h#
##.#........# ...
#)###....# .....
................
..###....#........
#....#........#
#....#........# #....#
....


You could see Natasha.

Vanquished Creatures
  An adder (D:2)
  A dart slug (D:2)
  A leopard gecko (D:1)
  A giant cockroach (D:1)
  3 goblins
  5 kobolds (D:1)
  A quokka (D:2)
  7 bats
  2 frilled lizards (D:1)
  4 rats (D:1)
26 creatures vanquished.

Notes
Turn   | Place    | Note
-------+----------+-------------------------------------------
     0 | D:1      | sithsevirus the Octopode Transmuter began the quest for the Orb.
     0 | D:1      | Reached XP level 1. HP: 13/13 MP: 3/3
   206 | D:1      | Reached XP level 2. HP: 8/18 MP: 3/5
   366 | D:1      | Learned a level 2 spell: Sticks to Snakes
   388 | D:1      | Reached skill level 1 in Stealth
  1247 | D:2      | Reached XP level 3. HP: 22/23 MP: 4/6
  1568 | D:2      | Noticed Natasha
  1579 | D:2      | Slain by Natasha

Vault maps used:
D:1:      roderic_crop_circles_arrival_small
D:2:      uniq_natasha

Skill      XL: |  1  2 |
---------------+-------+-----
Stealth        | 1 |  1.5
Fighting       | |  1.6
Dodging        | |  2.6
Unarmed Combat | |  3.2
Spellcasting   | |  2.0
Transmutations | |  2.3

Action                   || total
-------------------------++-------
Melee: Unarmed           ||    64
       Constrict         ||    20
       Kick              ||    13
       Tentacles         ||     5
 Cast: Beastly Appendage ||    18
  Use: Potion            ||     1
 Stab: Sleeping          ||     6
  Eat: Chunk             ||     2
Armor: Skin              ||     9
Dodge: Dodged            ||    44

Table legend:
 A = Spawn XP
 B = Non-spawn XP
 C = Spawn XP percentage of total XP
 D = Spawn monster count
 E = Non-spawn monster count
 F = Spawn count percentage of total count
 G = Total turns spent on level
                    A         B        C        D         E        F      G
               +---------+---------+-------+---------+---------+-------+---------
         Total |       0 |      56 |   0.0 |       0 |      26 |   0.0 |  1579
               +---------+---------+-------+---------+---------+-------+---------
           D:1 |       0 |      32 |   0.0 |       0 |      20 |   0.0 |  1230
           D:2 |       0 |      24 |   0.0 |       0 |       6 |   0.0 |   349
               +---------+---------+-------+---------+---------+-------+---------
